 Dungeon Crawl Stone Soup version 0.21.1-1-g345015fe64 (webtiles) character file.

275 NullDivider the Charlatan (level 6, 0/32 HPs)
             Began as a Spriggan Artificer on Mar 31, 2018.
             Was an Initiate of Gozag.
             Succumbed to a scorpion's poison
             ... on level 4 of the Dungeon.
             The game lasted 00:23:42 (6448 turns).

NullDivider the Charlatan (Spriggan Artificer)      Turns: 6448, Time: 00:23:43

Health: 0/32       AC:  2    Str:  7 (8)  XL:     6   Next: 3%
Magic:  10/10      EV: 19    Int: 12 (13) God:    Gozag
Gold:   435        SH:  0    Dex: 15 (18) Spells: 5/5 levels left

rFire    . . .     SeeInvis +   a - +0 short sword
rCold    . . .     Gourm    .   (shield restricted)
rNeg     . . .     Faith    .   b - +0 robe
rPois    .         Spirit   .   (helmet restricted)
rElec    .         Reflect  .   (no cloak)
rCorr    +         Harm     .   (gloves unavailable)
MR       +....                  (boots unavailable)
Stlth    +++.......             (no amulet)
HPRegen  0.10/turn              u - ring of resist corrosion
MPRegen  0.12/turn              (no ring)

@: lethally poisoned (0 -> -2), very quick
A: very small, unfitting armour, see invisible, herbivore, speed 3, slow
metabolism 2
a: Potion Petition, Call Merchant, Bribe Branch, Renounce Religion


You were on level 4 of the Dungeon.
You worshipped Gozag.
Gozag was aware of your devotion.
You were very hungry.

You visited 1 branch of the dungeon, and saw 4 of its levels.

You collected 450 gold pieces.
You paid 15 gold pieces to Gozag.

Inventory:

Hand Weapons
 a - a +0 short sword (weapon)
 g - a +4 short sword
 n - a cursed -1 dagger
 t - a +1 dagger of venom
Armour
 b - a +0 robe (worn)
Jewellery
 o - an uncursed ring of fire
 u - a ring of resist corrosion (left hand)
Wands
 c - a wand of flame (7)
 d - a wand of enslavement (15)
 e - a wand of iceblast (7)
 p - a wand of acid (8)
Scrolls
 h - 2 scrolls of enchant armour {unknown}
 q - 2 scrolls of fear {unknown}
 r - a scroll of identify {unknown}
 s - a scroll of amnesia {unknown}
 v - 2 scrolls of teleportation {unknown}
 x - a scroll of remove curse {unknown}
 y - a scroll of fog {unknown}
Potions
 i - a potion of ambrosia
 j - a potion of haste
 m - a potion of brilliance
Comestibles
 f - 4 rations


   Skills:
 * Level 3.0 Fighting
 + Level 2.7 Short Blades
 + Level 4.5 Dodging
 + Level 3.9 Stealth
 + Level 5.1 Evocations


You had 5 spell levels left.
You didn't know any spells.

Dungeon Overview and Level Annotations

Branches:
Dungeon (4/15)
 Temple: D:4-7

Altars:
Gozag
Makhleb
Okawaru
Ru
Vehumet

Annotations:
D:3 Norrik's ghost, amateur MiMo


Innate Abilities, Weirdness & Mutations

You are very small and have problems with some larger weapons.
You are too small for most types of armour.
You have supernaturally acute eyesight. (SInv)
You are a herbivore.
You cover ground extremely quickly.
You need consume almost no food.


Message History

There is a lethal amount of poison in your body!
There is a lethal amount of poison in your body!
There is a lethal amount of poison in your body!
You see here 10 gold pieces.
* * * LOW HITPOINT WARNING * * *
You feel sick.
The orc shouts!
You hit the orc but do no damage. You closely miss the orc.
* * * LOW HITPOINT WARNING * * *
You feel sick. The orc completely misses you.
You hit the orc but do no damage. The orc completely misses you.
You hit the orc but do no damage. The orc completely misses you.
* * * LOW HITPOINT WARNING * * *
You feel sick.
You see here 10 gold pieces.
You see here 2 scrolls labeled MELEZY FUTROANG.
A worm comes into view.
You die...
Your body crumbles into a pile of gold.

##.# #w..
#..# ###..##
..... ... .
#.# .#.#
##@# .#.#
#..###...##
#.........#
#.8.....8.#
#..?......#
#..o......#
#.........#
##.....>...#
#..........#


You could see a worm and an orc.

Vanquished Creatures
  A scorpion (D:4)
  An orc priest (D:4)
  A hound skeleton (D:4)
  5 gnolls
  6 adders
  4 leopard geckos
  An orc (D:4)
  A ball python (D:3)
  3 giant cockroaches
  7 goblins
  8 hobgoblins
  10 jackals
  A quokka (D:3)
  8 bats
  3 frilled lizards (D:3)
  10 kobolds
  11 rats
81 creatures vanquished.

Notes
Turn   | Place    | Note
-------+----------+-------------------------------------------
     0 | D:1      | NullDivider the Spriggan Artificer began the quest for the Orb.
     0 | D:1      | Reached XP level 1. HP: 9/9 MP: 4/4
   214 | D:1      | Reached skill level 1 in Fighting
   230 | D:1      | Reached XP level 2. HP: 14/14 MP: 6/6
   317 | D:1      | Found an iron altar of Okawaru.
  1252 | D:2      | Reached XP level 3. HP: 18/18 MP: 7/7
  1864 | D:2      | Found an opulent altar of Gozag.
  1877 | D:2      | Became a worshipper of Gozag Ym Sagoz the Greedy
  2213 | D:2      | Found a radiant altar of Vehumet.
  2289 | D:2      | Reached XP level 4. HP: 19/23 MP: 8/8
  2825 | D:2      | Found a sacrificial altar of Ru.
  3405 | D:3      | Found a burning altar of Makhleb.
  3505 | D:3      | Noticed Norrik's ghost (amateur MiMo)
  4487 | D:3      | Reached XP level 5. HP: 26/27 MP: 9/9
  6405 | D:4      | Reached skill level 5 in Evocations
  6425 | D:4      | Reached XP level 6. HP: 4/32 MP: 10/10
  6436 | D:4      | HP: 1/32 [poisoned by a scorpion]
  6442 | D:4      | HP: 1/32 [poisoned by a scorpion]
  6448 | D:4      | Succumbed to a scorpion's poison

Skill      XL: |  1  2  3  4  5 |
---------------+----------------+-----
Fighting       | 1 2 3 |  3.0
Stealth        | 2 3 |  3.9
Short Blades   | 2 |  2.7
Dodging        | 4 |  4.5
Evocations     | 5 |  5.1

Action                   |  1- 3 |  4- 6 || total
-------------------------+-------+-------++-------
Melee: Short sword       |   134 |   230 ||   364
Evoke: Wand              |     8 |    15 ||    23
  Use: Potion            |       |     7 ||     7
 Stab: Sleeping          |     7 |     6 ||    13
       Paralysed         |     1 |       ||     1
       Distracted        |       |     1 ||     1
  Eat: Ration            |       |     1 ||     1
Armor: Robe              |    11 |    15 ||    26
Dodge: Dodged            |   122 |   188 ||   310
